 Dungeon Crawl Stone Soup version 0.28-a0-69-g49dcd67cf8 (webtiles) character file.

Game seed: 12528672852115497303

440429 arson the Acrobat (level 23, -19/215 HPs)
             Began as a Minotaur Berserker on July 31, 2021.
             Was the Champion of Trog.
             Demolished by a quicksilver dragon simulacrum (39 damage)
             ... on level 3 of the Depths.
             The game lasted 02:49:27 (64044 turns).

arson the Acrobat (Minotaur Berserker)             Turns: 64044, Time: 02:49:28

Health: -19/215    AC: 47    Str: 29    XL:     23   Next: 1%
Magic:  31/31      EV: 26    Int:  6    God:    Trog [******]
Gold:   1233       SH:  0    Dex: 22    Spells: 22/22 levels left

rFire   . . .      SeeInvis +   B - +7 executioner's axe (vorpal)
rCold   . . .      Faith    .   (shield currently unavailable)
rNeg    . . .      Spirit   .   C - +10 shadow dragon scales
rPois   +          Reflect  .   n - +3 crown of Dyrovepreva {rElec Int+2 SInv}
rElec   +          Harm     .   s - +2 cloak {rCorr}
rCorr   +          Rampage  .   T - +0 pair of gloves of Serendipity {Will+ MP+9}
Will    ++...                   m - +2 pair of boots
Stlth   +++.......              Z - amulet of regeneration
HPRegen 1.45/turn               Q - ring of Azuykyro {Fly rPois}
MPRegen 0.22/turn               p - ring "Rurgh" {Fly AC+4 Dex+9}

@: flying, slowed, studying 2 skills, very slow
A: horns 2, retaliatory headbutt
}: 2/15 runes: serpentine, barnacled
a: Renounce Religion, Berserk, Trog's Hand, Brothers in Arms


You were on level 3 of the Depths.
You worshipped Trog.
Trog was exalted by your worship.
You visited 7 branches of the dungeon, and saw 39 of its levels.
You visited the Abyss 1 time.
You visited 1 bazaar.
You also visited: Ossuary, Ice Cave and Wizlab.

You collected 6017 gold pieces.
You spent 4784 gold pieces at shops.

Inventory:

Hand Weapons
 b - a +9 broad axe of venom
 B - a +7 vorpal executioner's axe (weapon)
 J - the +9 sword of Zonguldrok {reap}
   (You found it in a wizard's laboratory)

   Any living foe damaged by it may be reanimated upon death as a zombie
   friendly to the wielder, with an increasing chance as more damage is dealt.
 R - a +9 antimagic executioner's axe
 V - a +4 executioner's axe of flaming
Missiles
 U - 3 throwing nets (quivered)
Armour
 d - a +2 kite shield of protection
 m - a +2 pair of boots (worn)
 n - the +3 crown of Dyrovepreva (worn) {rElec Int+2 SInv}
   (You found it on level 1 of the Depths)

   Int:       It affects your intelligence (+2).
   rElec:     It insulates you from electricity.
   SInv:      It lets you see invisible.
 s - a +2 cloak of preservation (worn)
 C - +10 shadow dragon scales (worn)
 T - the +0 pair of gloves of Serendipity (worn) {Will+ MP+9}
   (You found it on level 2 of the Snake Pit)

   MP:        It affects your magic capacity (+9).
   Will:      It increases your willpower.
Jewellery
 g - a +4 ring of protection
 j - a ring of willpower
 p - the ring "Rurgh" (right hand) {Fly AC+4 Dex+9}
   (You found it on level 1 of the Lair of Beasts)

   [ring of protection]

   AC:        It affects your AC (+4).
   Dex:       It affects your dexterity (+9).
   Fly:       It grants you flight.
 x - a ring of positive energy
 H - a ring of protection from cold
 I - a ring of positive energy
 L - a ring of fire
 N - an amulet of the acrobat
 Q - the ring of Azuykyro (left hand) {Fly rPois}
   (You found it on level 4 of the Lair of Beasts)

   [ring of flight]

   rPois:     It protects you from poison.
   Fly:       It grants you flight.
 W - a ring of willpower
 Z - an amulet of regeneration (around neck)
Wands
 q - a wand of paralysis (10)
 u - a wand of digging (12)
 y - a wand of polymorph (23)
 A - a wand of flame (144)
 E - a wand of acid (16)
 Y - a wand of iceblast (50)
Scrolls
 f - 2 scrolls of blinking
 h - 5 scrolls of magic mapping
 k - 3 scrolls of vulnerability
 r - 4 scrolls of fear
 D - 18 scrolls of teleportation
 F - 5 scrolls of fog
 G - 5 scrolls of summoning
 K - 4 scrolls of silence
 O - 34 scrolls of identify
 P - 2 scrolls of holy word
 S - 2 scrolls of immolation
 X - 4 scrolls of brand weapon
Potions
 a - 6 potions of attraction
 c - 17 potions of curing
 e - 4 potions of heal wounds
 i - 2 potions of invisibility
 l - 6 potions of mutation
 o - 11 potions of lignification
 t - 8 potions of cancellation
 v - 6 potions of haste
 w - 15 potions of ambrosia
 z - 8 potions of might
 M - 5 potions of resistance


   Skills:
 - Level 20.0 Fighting
 - Level 20.0 Axes
 + Level 23.6 Armour
 - Level 24.0 Dodging
 - Level 15.0 Shields


You had 22 spell levels left.
You didn't know any spells.
Your spell library contained the following spells:

 Spells                   Type           Power      Damage    Failure   Level
 Dazzling Flash           Conj/Hex       0%         N/A       98%         3
 Agony                    Necr           0%         N/A       100%        5
 Silence                  Hex/Air        0%         N/A       100%        5


Dungeon Overview and Level Annotations

Branches:
Dungeon (15/15)            Temple (0/1) D:6            Lair (6/6) D:9
 Shoals (4/4) Lair:4        Snake (4/4) Lair:4        Slime (0/5) Lair:6
    Orc (2/2) D:12            Elf (0/3) Orc:2        Vaults (4/5) D:14
  Crypt (0/3) Vaults:3     Depths (4/5) D:15        Ossuary (visited)
  IceCv (visited)          WizLab (visited)

Altars:
Ashenzari
Cheibriados
Gozag
Kikubaaqudgha
Makhleb
Nemelex Xobeh
Qazlal
Ru
Uskayaw
Wu Jian
Xom
Beogh
Jiyva

Shops:
D:1 *   D:12 !   Orc:2 *??:   Shoals:4 ?   Snake:1 :=(**!=(?   Snake:2 :
Vaults:3 ?   Vaults:4 [

Portals:
Hell: Depths:1 Depths:2
Abyss: Lair:5 Depths:1 Depths:3
Pandemonium: Depths:3
Trove: D:10 (give 17 potions of curing)

Annotations:
Lair:5 2 transporters, Harkinian2's ghost, journeyman MiMo
Shoals:3 exclusion: 2 oklob plants
Vaults:3 Mara
Depths:3 exclusion: ice statue


Innate Abilities, Weirdness & Mutations

You have a pair of horns on your head.
You reflexively headbutt those who attack you in melee.


Message History

There is an escape hatch in the ceiling here.
Press: ? - help, v - describe, . - travel
Here: a freezing wraith The floor.
Unknown command.
Press: ? - help, v - describe, . - travel
Here: a quicksilver dragon simulacrum (almost destroyed)
The floor.
Unknown command.
As you read the scroll of fear, it crumbles to dust.
You assume a fearsome visage.
The battlesphere is unaffected.
The quicksilver dragon simulacrum is unaffected.
The freezing wraith is unaffected.
The blizzard demon is unaffected.
The quicksilver dragon simulacrum is unaffected.
The tengu conjurer looks frightened!
The deep elf high priest looks frightened!
The quicksilver dragon simulacrum bites you but does no damage.
The quicksilver dragon simulacrum claws you but does no damage.
The tengu conjurer gestures wildly while chanting.
The tengu conjurer blinks!
The freezing wraith closely misses you. x2
The quicksilver dragon simulacrum barely misses you.
You furiously retaliate!
You headbutt the quicksilver dragon simulacrum!
The quicksilver dragon simulacrum vaporises!
Trog accepts your kill. The blizzard demon gestures at you.
The freezing blast engulfs the quicksilver dragon simulacrum.
The quicksilver dragon simulacrum completely resists.
The tengu conjurer mumbles some strange words.
The tengu conjurer blinks!
The freezing wraith misses you. The freezing wraith closely misses you.
The tengu conjurer casts a spell.
The tengu conjurer blinks!
The quicksilver dragon simulacrum barely misses you.
You furiously retaliate!
You headbutt the quicksilver dragon simulacrum!
The quicksilver dragon simulacrum claws you.
* * * LOW HITPOINT WARNING * * *
The quicksilver dragon simulacrum freezes you!!!
You die...

### ##.# ##..#
#########
#####.8.###8#8#88#8
#.....Q.#..........
#.@.§...'..........
#ZW°*...'..........
##☼☼§⌠...#..........
##☼§§§.§..###8#8#88#8
##.8.....>.#
#########
#....2.....#
#####''##### ##...e##
#8....8#


You could see a blizzard demon, a deep elf high priest (fleeing), a freezing
wraith, a tengu conjurer (fleeing), a battlesphere and a quicksilver dragon
simulacrum.

Vanquished Creatures
  An ancient lich (WizLab)
  A juggernaut (Depths:1)
  A juggernaut (shapeshifter) (Depths:2)
  Margery (Vaults:2)
  Vashnia (Snake:3)
  Saint Roka (Snake:3)
  Rupert (D:15)
  3 hellephants (Depths:2)
  Jorgrun (D:15)
  A tentacled monstrosity (Depths:2)
  3 liches
  Asterion (Depths:1)
  A titan (Depths:3)
  Frances (Shoals:1)
  2 sphinxes
  An ancient champion (WizLab)
  2 tentacled starspawn
  Polyphemus (Shoals:2)
  A storm dragon (Depths:2)
  Agnes (D:15)
  2 tengu reavers (Depths:2)
  Donald (Vaults:3)
  2 shadow dragons
  Roxanne (Snake:3)
  7 vault wardens
  10 nagarajas
  An iron dragon (Depths:2)
  3 fire giants
  3 orc warlords
  Aizul (Snake:4)
  A deep elf sorcerer (Depths:2)
  Louise (D:15)
  3 frost giants
  A ghoul (Vaults:3)
  2 war gargoyles
  8 stone giants
  10 ironbound preservers
  3 spriggan defenders
  11 very ugly things
  Nessos (Orc:2)
  A vampire knight (Depths:3)
  A deep elf demonologist (Depths:3)
  An entropy weaver (Vaults:3)
  Azrael (D:13)
  5 dire elephants
  An eidolon (Abyss:3)
  6 crystal guardians (Depths:1)
  8 spark wasps
  14 ettins
  9 merfolk impalers
  7 great orbs of eyes
  5 merfolk javelineers
  7 yaktaur captains
  5 fire dragons
  The ghost of CowFu the Blocker, a journeyman MiFi of the Shining One (D:10)
  2 deep elf high priests
  7 ironbound thunderhulks
  5 rakshasas
  Harold (Lair:1)
  6 boulder beetles
  Erolcha (D:9)
  5 ice dragons
  The ghost of emm the Cleaver, a journeyman DsGl of Okawaru (Lair:1)
  12 hydras
  2 salamander tyrants
  21 naga warriors
  2 spriggan air magi (Depths:3)
  4 ironbound frosthearts
  5 centaur warriors
  4 vault guards
  13 anacondas
  2 peacekeepers (Vaults:3)
  5 ogre magi
  2 catoblepae
  25 two-headed ogres
  3 merfolk avatars
  2 alligator snapping turtles
  3 merfolk aquamancers
  A titan zombie (D:15)
  11 tengu warriors
  Urug (Orc:2)
  3 satyrs (Shoals:4)
  6 hell hogs (Depths:2)
  5 deep troll shamans
  10 death yaks
  3 vampire magi
  4 ironbound beastmasters
  7 deep troll earth magi
  5 hell knights
  10 shock serpents
  7 naga sharpshooters
  Sonja (D:13)
  4 spriggan berserkers
  2 spriggans (Depths:3)
  A soul eater (Depths:3)
  3 wretched stars (Abyss:3)
  A fire crab (Lair:3)
  8 iron trolls
  6 salamander mystics
  2 shadow wraiths (Depths:3)
  3 glowing orange brains
  18 skeletal warriors
  2 quicksilver dragon simulacra
  10 sea snakes
  A flayed ghost (Depths:2)
  4 naga ritualists
  37 deep trolls
  A swamp dragon (Lair:6)
  Pikel (D:4)
  The ghost of Nausicaa the Frost Mage, a novice VSTm of Cheibriados (Orc:2)
  2 orange crystal statues
  12 wizards
  29 harpies
  5 ironbound convokers
  6 orc knights
  4 phantasmal warriors
  3 necromancers
  A lindwurm (Vaults:1)
  26 salamanders
  6 mana vipers
  A deep elf pyromancer (D:15)
  An orc sorcerer (Orc:1)
  32 ugly things
  A frost giant zombie (Vaults:4)
  A wolf spider (Lair:6)
  13 fauns
  9 cyclopes
  2 moths of wrath (Lair:1)
  18 manticores
  29 black mambas
  2 ice statues (IceCv)
  17 naga magi
  8 vault sentinels
  10 water nymphs
  5 merfolk sirens
  An apocalypse crab (Abyss:2)
  A smoke demon (Abyss:3)
  4 elephants
  A torpor snail (Lair:6)
  11 guardian serpents
  An orange demon (Abyss:3)
  25 cane toads
  A yaktaur zombie (Vaults:4)
  An unseen horror (shapeshifter) (D:13)
  13 rime drakes
  2 kobold demonologists
  A tengu conjurer (D:12)
  10 komodo dragons
  2 efreet
  3 freezing wraiths
  26 yaktaurs
  An ancient zyme (Abyss:3)
  9 trolls
  An elf skeleton (Vaults:4)
  31 merfolk
  9 polar bears
  A queen bee (Lair:4)
  6 meliai
  7 wind drakes
  6 hornets
  A hornet (shapeshifter) (D:13)
  3 large abominations
  2 raiju (Abyss:3)
  Prince Ribbit (D:5)
  19 blink frogs
  3 ettin zombies
  46 slime creatures
  12 snapping turtles
  6 dream sheep
  18 water elementals
  2 vampires (WizLab)
  5 ynoxinuls
  A redback (Lair:6)
  12 wyverns
  2 wraiths
  A fire bat (shapeshifter) (D:15)
  63 yaks
  A yak (shapeshifter) (D:14)
  7 basilisks
  2 steam dragons (Lair:6)
  5 fire elementals (D:13)
  2 chaos spawn
  15 vampire mosquitoes
  40 nagas
  A death yak simulacrum (IceCv)
  A tengu zombie (D:15)
  6 wargs
  4 two-headed ogre zombies (WizLab)
  Menkaure (D:4)
  2 acid dragons
  28 water moccasins
  6 hell hounds
  A swamp drake (Lair:6)
  28 orc warriors
  5 ice beasts
  10 black bears
  4 sky beasts
  2 ettin simulacra (Depths:3)
  A necrophage (D:5)
  32 ogres
  5 boggarts (D:15)
  39 wolves
  A lemure (D:4)
  A small abomination (Abyss:2)
  16 centaurs
  3 kobold brigands
  An elf zombie (Ossuary)
  6 bullfrogs
  2 earth elementals
  A cane toad simulacrum (IceCv)
  4 scorpions
  9 troll zombies (WizLab)
  A wyvern skeleton (D:6)
  3 water moccasin skeletons
  5 wights
  45 killer bees
  5 electric eels
  3 howler monkeys
  2 bullfrog zombies (D:5)
  A human zombie (Ossuary)
  3 centaur zombies
  2 jellies (D:6)
  16 orc priests
  A hound (D:6)
  A bullfrog skeleton (D:7)
  2 gnoll shamans
  Crazy Yiuf (D:3)
  6 iguanas
  Terence (D:3)
  21 orc wizards
  A scorpion zombie (D:5)
  2 wolf simulacra (IceCv)
  8 ogre zombies (WizLab)
  A hound skeleton (D:4)
  3 mummies
  19 gnolls
  A howler monkey skeleton (D:4)
  A howler monkey zombie (D:6)
  2 adders
  A white imp (Vaults:4)
  An ufetubus (Vaults:4)
  An adder zombie (Ossuary)
  3 dart slugs
  86 orcs
  7 endoplasms
  5 giant cockroaches
  6 goblins
  8 hobgoblins
  13 jackals
  4 quokkas
  A ball python (D:2)
  3 bats
  3 frilled lizards (D:1)
  A goblin zombie (Ossuary)
  10 hobgoblin zombies (Ossuary)
  2 jackal zombies (Ossuary)
  10 kobolds
  13 kobold zombies (Ossuary)
  6 orc zombies (Ossuary)
  9 rats
  A lurking horror (Abyss:3)
  A starspawn tentacle (Abyss:3)
1740 creatures vanquished.

Vanquished Creatures (collateral kills)
  A hydra (Lair:2)
  2 naga sharpshooters (Snake:3)
  A naga mage (Snake:3)
  A naga (Snake:3)
  A water moccasin (Lair:2)
6 creatures vanquished.

Vanquished Creatures (others)
  A fire giant (Depths:1)
  A manticore (Shoals:4)
  A black mamba (Snake:3)
  A raiju (Abyss:3)
  2 ettin simulacra (Depths:3)
  A hornet simulacrum (D:13)
  An orc wizard (D:9)
  56 fungi
  344 plants
  3 starspawn tentacles (Abyss:3)
  17 withered plants
428 creatures vanquished.

Grand Total: 2174 creatures vanquished

Notes
Turn   | Place    | Note
-------+----------+-------------------------------------------
     0 | D:1      | arson the Minotaur Berserker began the quest for the Orb.
     0 | D:1      | Reached XP level 1. HP: 19/19 MP: 0/0
     6 | D:1      | Found a faded altar of an unknown god.
   191 | D:1      | Reached XP level 2. HP: 22/27 MP: 1/1
   254 | D:1      | Found Rashofun's General Store.
   470 | D:1      | Reached ** piety under Trog
   471 | D:1      | Reached XP level 3. HP: 34/34 MP: 2/2
   958 | D:2      | Reached XP level 4. HP: 41/41 MP: 3/3
   962 | D:2      | Reached skill level 5 in Axes
   965 | D:2      | Reached skill level 5 in Fighting
  2161 | D:3      | Reached XP level 5. HP: 31/48 MP: 4/4
  2567 | D:3      | Reached *** piety under Trog
  2703 | D:3      | Noticed Terence
  2708 | D:3      | Killed Terence
  2709 | D:3      | Reached XP level 6. HP: 57/57 MP: 5/5
  2891 | D:3      | Found a runed translucent door.
  2892 | D:3      | Noticed Crazy Yiuf
  3159 | D:3      | Killed Crazy Yiuf
  3262 | D:4      | Noticed a sky beast
  3272 | D:4      | Killed a sky beast
  3690 | D:4      | Reached XP level 7. HP: 66/66 MP: 6/6
  3735 | D:4      | Noticed Menkaure
  3743 | D:4      | Killed Menkaure
  4056 | D:4      | Noticed Pikel
  4068 | D:4      | Killed Pikel
  4069 | D:4      | Reached XP level 8. HP: 78/78 MP: 7/7
  4210 | D:4      | Found a stormy altar of Qazlal.
  4212 | D:4      | Noticed an air elemental
  4243 | D:5      | Entered Level 5 of the Dungeon
  4621 | D:5      | Reached skill level 10 in Fighting
  4621 | D:5      | Reached skill level 10 in Axes
  5164 | D:5      | Reached XP level 9. HP: 78/86 MP: 8/8
  5229 | D:5      | Noticed Prince Ribbit
  5251 | D:5      | Killed Prince Ribbit
  5738 | D:6      | Found a sand-covered staircase.
  5744 | Ossuary  | Entered an ossuary
  5792 | Ossuary  | Reached **** piety under Trog
  7026 | D:6      | Found a shimmering altar of Xom.
  7259 | D:6      | Found an opulent altar of Gozag.
  7567 | D:6      | Found an ornate altar of the Wu Jian Council.
  7606 | D:6      | Found a sacrificial altar of Ru.
  7810 | D:6      | Found a staircase to the Ecumenical Temple.
  8219 | D:7      | Reached XP level 10. HP: 99/99 MP: 9/9
  8782 | D:7      | Reached ***** piety under Trog
  9527 | D:8      | Found a burning altar of Makhleb.
  9709 | D:8      | Found a snail-covered altar of Cheibriados.
  9909 | D:9      | Found a staircase to the Lair.
 10114 | D:9      | Noticed Erolcha
 10114 | D:9      | Noticed a boulder beetle
 10151 | D:8      | Killed a boulder beetle
 10313 | D:9      | Paralysed by Erolcha for 2 turns
 10374 | D:9      | Killed Erolcha
 10375 | D:9      | Reached XP level 11. HP: 85/110 MP: 10/10
 10525 | D:9      | Found a sparkling altar of Nemelex Xobeh.
 10539 | D:9      | Identified the ring "Xioboj" {Int+9 Dex+6 Slay-3}
 10652 | D:9      | Noticed a centaur warrior
 10661 | D:9      | Killed a centaur warrior
 11094 | D:10     | Entered Level 10 of the Dungeon
 11292 | D:10     | Found a runed translucent door.
 11293 | D:10     | Noticed CowFu's ghost (journeyman MiFi)
 11436 | D:10     | Found a hide-covered altar of Uskayaw.
 11809 | D:10     | Found a portal to a secret trove of treasure.
 11886 | D:10     | Noticed a two-headed ogre
 11892 | D:10     | Killed a two-headed ogre
 11893 | D:10     | Reached skill level 15 in Fighting
 11893 | D:10     | Reached skill level 15 in Axes
 12129 | D:10     | Killed CowFu's ghost
 12254 | D:11     | Found a flickering gateway to a bazaar.
 12263 | Bazaar   | Entered a bazaar
 12406 | Bazaar   | Found Wax Ipoh's Antique Armour Emporium.
 12406 | Bazaar   | Found Nuotel's Weapon Shoppe.
 12428 | Bazaar   | Found Qoureh's Assorted Antiques.
 12428 | Bazaar   | Found Dywku's Antique Weapon Shoppe.
 12450 | Bazaar   | Found Suha's Antique Armour Emporium.
 12539 | Bazaar   | Bought a scroll of identify for 62 gold pieces
 12539 | Bazaar   | Bought a scroll of identify for 62 gold pieces
 12542 | Bazaar   | Identified a scroll of acquirement
 12550 | Bazaar   | Acquired 1073 gold pieces
 12552 | Bazaar   | Bought a scroll of teleportation for 93 gold pieces
 12552 | Bazaar   | Bought a scroll of teleportation for 93 gold pieces
 12912 | D:1      | Bought a scroll of identify for 26 gold pieces
 12912 | D:1      | Bought a +3 battleaxe of electrocution for 431 gold pieces
 12912 | D:1      | Bought a scroll of identify for 26 gold pieces
 13093 | Lair:1   | Entered Level 1 of the Lair of Beasts
 13095 | Lair:1   | Noticed Harold
 13511 | Lair:1   | Killed Harold
 13810 | Lair:1   | Reached XP level 12. HP: 117/122 MP: 11/11
 14297 | Lair:1   | Found a transporter.
 14317 | Lair:1   | Found a transporter.
 14321 | Lair:1   | Noticed emm's ghost (journeyman DsGl)
 14344 | Lair:1   | Killed emm's ghost
 14348 | Lair:1   | Identified the ring "Rurgh" {Fly AC+4 Dex+9}
 14875 | Lair:2   | Noticed a six-headed hydra
 14884 | Lair:2   | Killed a seven-headed hydra
 14909 | Lair:2   | Noticed a six-headed hydra
 14927 | Lair:2   | Killed a ten-headed hydra
 16603 | Lair:3   | Noticed a four-headed hydra
 16628 | Lair:3   | Reached XP level 13. HP: 111/134 MP: 12/12
 17093 | Lair:4   | Found a frozen archway.
 17104 | IceCv    | Entered an ice cave
 17108 | IceCv    | Found a transporter.
 17112 | IceCv    | Received a gift from Trog
 17119 | IceCv    | Found a transporter.
 18022 | Lair:4   | Found a staircase to the Snake Pit.
 19630 | Lair:4   | Identified the ring of Azuykyro {Fly rPois}
 19914 | Lair:4   | Found a staircase to the Shoals.
 20300 | Lair:5   | Reached ****** piety under Trog
 20643 | Lair:5   | Found a transporter.
 20644 | Lair:5   | Noticed Harkinian2's ghost (journeyman MiMo)
 20649 | Lair:5   | Found a transporter.
 20663 | Lair:5   | Found a one-way gate to the infinite horrors of the Abyss.
 20714 | Lair:5   | Reached XP level 14. HP: 140/146 MP: 13/13
 21343 | Lair:6   | Entered Level 6 of the Lair of Beasts
 21354 | Lair:6   | Found a viscous altar of Jiyva.
 21354 | Lair:6   | Found a staircase to the Slime Pits.
 21634 | Lair:6   | Identified the +11 war axe "Muckant" {vorpal, Str+3} (Trog
                  | gifted it to you on level 6 of the Lair of Beasts)
 21634 | Lair:6   | Received a gift from Trog
 21967 | Lair:6   | Reached skill level 3 in Dodging
 22151 | Lair:6   | Reached skill level 4 in Dodging
 22281 | Lair:6   | Reached skill level 5 in Armour
 22628 | Lair:6   | Reached skill level 5 in Dodging
 22897 | Lair:6   | Reached skill level 6 in Dodging
 23266 | Lair:6   | Received a gift from Trog
 24157 | Lair:6   | Reached skill level 7 in Dodging
 24417 | Lair:6   | Reached XP level 15. HP: 155/155 MP: 4/14
 25657 | D:11     | Reached skill level 8 in Dodging
 26270 | D:12     | Found Duack's Distillery.
 26333 | D:12     | Identified the +7 quarterstaff "Sobaugaz" {freeze, Fly
                  | rPois MP-9 Stlth+}
 26400 | D:12     | Found a staircase to the Orcish Mines.
 26788 | D:13     | Noticed Sonja
 26791 | D:13     | Killed Sonja
 26798 | D:12     | Received a gift from Trog
 26799 | D:12     | Reached skill level 9 in Dodging
 26945 | Orc:1    | Entered Level 1 of the Orcish Mines
 26960 | Orc:1    | Noticed an orc warlord
 26983 | Orc:1    | Killed an orc warlord
 26984 | Orc:1    | Reached skill level 10 in Armour
 27637 | Orc:2    | Entered Level 2 of the Orcish Mines
 27650 | Orc:2    | Found a staircase to the Elven Halls.
 27892 | Orc:1    | Reached skill level 10 in Dodging
 28305 | Orc:2    | Received a gift from Trog
 28540 | Orc:2    | Noticed Urug
 28551 | Orc:2    | Killed Urug
 28869 | Orc:2    | Found Ziprouheamm's Book Emporium.
 28869 | Orc:2    | Found Ighuff's Magic Scroll Boutique.
 28875 | Orc:2    | Reached skill level 11 in Dodging
 29316 | Orc:2    | Reached XP level 16. HP: 153/162 MP: 5/15
 29327 | Orc:2    | Found Zozudori's General Store.
 29327 | Orc:2    | Found Inuwix's Magic Scroll Boutique.
 29341 | Orc:2    | Bought a scroll of identify for 36 gold pieces
 29341 | Orc:2    | Bought a scroll of identify for 36 gold pieces
 29341 | Orc:2    | Bought a scroll of enchant weapon for 135 gold pieces
 29341 | Orc:2    | Bought a scroll of enchant weapon for 135 gold pieces
 29341 | Orc:2    | Bought a scroll of blinking for 135 gold pieces
 29341 | Orc:2    | Bought a scroll of teleportation for 54 gold pieces
 29343 | Orc:2    | Bought a scroll of identify for 26 gold pieces
 29343 | Orc:2    | Bought a scroll of identify for 26 gold pieces
 29343 | Orc:2    | Bought a scroll of teleportation for 39 gold pieces
 29343 | Orc:2    | Bought a scroll of identify for 26 gold pieces
 29343 | Orc:2    | Bought a scroll of enchant weapon for 97 gold pieces
 29351 | Orc:2    | Bought a scroll of teleportation for 33 gold pieces
 29415 | Orc:2    | Noticed Nessos
 29423 | Orc:2    | Killed Nessos
 29639 | Orc:2    | Noticed Nausicaa's ghost (novice VSTm)
 29640 | Orc:2    | Found a transporter.
 29640 | Orc:2    | Found a transporter.
 29670 | Orc:2    | Killed Nausicaa's ghost
 29677 | Orc:2    | Received a gift from Trog
 29684 | Orc:2    | Identified the +4 quick blade "Killer Klown's Curse"
                  | {venom, Dex+4}
 29954 | Snake:1  | Entered Level 1 of the Snake Pit
 30123 | Snake:1  | Reached skill level 12 in Dodging
 30130 | Snake:1  | Identified the +0 ring mail "Ruinacis" {rF- rCorr Str+3
                  | SInv}
 30174 | Snake:1  | Found Rebaff's General Store.
 30175 | Snake:1  | Found Isoox's Weapon Emporium.
 30175 | Snake:1  | Found Lakhlyulo's Jewellery Boutique.
 30290 | Snake:1  | Found Suekluj's Magic Scroll Emporium.
 30290 | Snake:1  | Found Xunniwos's Distillery.
 30400 | Snake:1  | Bought a scroll of acquirement for 676 gold pieces
 30400 | Snake:1  | Bought a scroll of acquirement for 676 gold pieces
 30407 | Snake:1  | Acquired the +5 scale mail of Fortitude {rF+ Dex+3}
 30425 | Snake:1  | Acquired a +1 executioner's axe of venom
 31400 | Snake:1  | Found Zodiukeru's Book Shoppe.
 31401 | Snake:1  | Found Nywur's Antique Weapon Emporium.
 31401 | Snake:1  | Found Pyarit's Jewellery Shoppe.
 31403 | Snake:1  | Identified the +9 mace of Myupetz {venom, rCorr}
 31406 | Snake:1  | Found Kideuryt's Assorted Antiques.
 31494 | Snake:1  | Bought a scroll labelled ILU IB QOHIY for 36 gold pieces
 32234 | Snake:2  | Reached skill level 13 in Dodging
 33099 | Snake:2  | Identified the +0 pair of gloves of Serendipity {Will+
                  | MP+9}
 33507 | Snake:2  | Reached skill level 14 in Dodging
 34040 | Snake:2  | Received a gift from Trog
 34185 | Snake:2  | Found Ycoomn's Book Shoppe.
 35320 | Snake:3  | Noticed Roxanne
 35323 | Snake:3  | Noticed Vashnia
 35327 | Snake:3  | Reached skill level 15 in Dodging
 35330 | Snake:3  | Killed Roxanne
 36223 | Snake:3  | Reached XP level 17. HP: 170/170 MP: 8/16
 36657 | Snake:3  | Reached skill level 16 in Dodging
 37206 | Snake:3  | Killed Vashnia
 37538 | Snake:3  | Noticed Saint Roka
 37548 | Snake:3  | Killed Saint Roka
 37549 | Snake:3  | Reached skill level 17 in Dodging
 37924 | Snake:4  | Entered Level 4 of the Snake Pit
 38224 | Snake:4  | Noticed Aizul
 38241 | Snake:4  | Killed Aizul
 39334 | Snake:4  | Received a gift from Trog
 39335 | Snake:4  | Reached skill level 18 in Dodging
 39802 | Snake:4  | Reached skill level 1 in Shields
 40011 | Snake:4  | Reached skill level 5 in Shields
 40634 | Snake:4  | Got a serpentine rune of Zot
 40676 | Snake:4  | Identified the ring "Sayceqif" {Wiz Str+3}
 40873 | Snake:4  | Reached XP level 18. HP: 149/178 MP: 8/17
 41123 | Snake:4  | Received a gift from Trog
 41580 | D:13     | Noticed Azrael
 41642 | D:13     | Killed Azrael
 41643 | D:13     | Reached skill level 10 in Shields
 42148 | D:14     | Found an ornate altar of the Wu Jian Council.
 42711 | D:14     | Found a gate to the Vaults.
 43086 | D:15     | Entered Level 15 of the Dungeon
 43115 | D:15     | Noticed Rupert
 43125 | D:15     | Killed Rupert
 43198 | D:15     | Found a staircase to the Depths.
 43370 | D:14     | Received a gift from Trog
 43569 | D:15     | Noticed Louise
 43882 | D:15     | Found an ancient bone altar of Kikubaaqudgha.
 43945 | D:15     | Noticed Jorgrun
 43954 | D:15     | Killed Jorgrun
 44108 | D:15     | Noticed Agnes
 44116 | D:15     | Killed Agnes
 44342 | D:15     | Cast into level 2 of the Abyss (Louise)
 44987 | Abyss:3  | Noticed a bone dragon
 45024 | D:15     | Escaped the Abyss
 45037 | D:15     | Killed Louise
 45129 | D:15     | Reached skill level 15 in Shields
 45667 | Shoals:1 | Entered Level 1 of the Shoals
 45667 | Shoals:1 | Noticed Frances
 45679 | Shoals:1 | Killed Frances
 45809 | Shoals:1 | Received a gift from Trog
 47202 | Shoals:2 | Noticed Polyphemus
 47213 | Shoals:2 | Reached XP level 19. HP: 143/185 MP: 18/18
 47223 | Shoals:2 | Killed Polyphemus
 47224 | Shoals:2 | Reached skill level 19 in Dodging
 48437 | Shoals:3 | Received a gift from Trog
 48939 | Shoals:3 | Reached skill level 20 in Dodging
 49400 | Shoals:4 | Entered Level 4 of the Shoals
 50336 | Shoals:4 | Received a gift from Trog
 50494 | Shoals:4 | Found Bonaeruo's Magic Scroll Boutique.
 50605 | Shoals:4 | Reached skill level 21 in Dodging
 50701 | Shoals:4 | Got a barnacled rune of Zot
 51414 | Shoals:4 | Bought a scroll of acquirement for 832 gold pieces
 51414 | Shoals:4 | Bought a scroll of blinking for 120 gold pieces
 51414 | Shoals:4 | Bought a scroll of blinking for 120 gold pieces
 51418 | Shoals:4 | Acquired a manual of Fighting
 52007 | Vaults:1 | Entered Level 1 of the Vaults
 52511 | Vaults:1 | Received a gift from Trog
 53056 | Vaults:1 | Reached XP level 20. HP: 175/193 MP: 9/19
 53256 | Vaults:1 | Reached skill level 22 in Dodging
 54865 | Vaults:2 | Received a gift from Trog
 55034 | Vaults:2 | Reached skill level 23 in Dodging
 55305 | Vaults:3 | Noticed Mara
 55307 | Vaults:3 | Noticed arson's illusion
 55317 | Vaults:3 | HP: 7/193 [Mara (illusionary)/bolt of fire (10)]
 55335 | Vaults:3 | HP: 5/193 [yaktaur captain (15)]
 55560 | Vaults:3 | Noticed arson's illusion
 55864 | Vaults:3 | Found Yfux's Magic Scroll Shop.
 55872 | Vaults:3 | Bought a scroll of teleportation for 51 gold pieces
 55872 | Vaults:3 | Bought a scroll of fear for 59 gold pieces
 56143 | Vaults:3 | Found a staircase to the Crypt.
 56239 | Vaults:3 | Identified the ring of Paranoia {Drain +Blink rC- Int+6
                  | Dex+4}
 56258 | Vaults:3 | Noticed Margery
 56289 | Vaults:2 | Received a gift from Trog
 56419 | Vaults:2 | Killed Margery
 56420 | Vaults:2 | Reached skill level 24 in Dodging
 56561 | Vaults:3 | Noticed Donald
 56575 | Vaults:3 | Killed Donald
 56582 | Vaults:3 | Noticed arson's illusion
 57259 | Vaults:3 | Identified the +0 buckler of Pikushep {Regen+ SInv}
 57272 | Vaults:3 | Identified the +0 robe "Lickaont" {rN++ Str+5 Int-2}
 57400 | Vaults:4 | Found a magical portal.
 57434 | WizLab   | Entered Zonguldrok's Shrine
 57671 | WizLab   | Received a gift from Trog
 57818 | WizLab   | Reached XP level 21. HP: 197/201 MP: 20/20
 57886 | WizLab   | Noticed an antique lich
 57894 | WizLab   | Killed an antique lich
 57895 | WizLab   | Reached skill level 15 in Armour
 57932 | WizLab   | Found the +9 sword of Zonguldrok {reap}
 58499 | Vaults:4 | Received a gift from Trog
 58999 | Vaults:4 | Found Rihuthriad's Armour Shop.
 59159 | Vaults:3 | Bought a scroll of enchant armour for 127 gold pieces
 59402 | Orc:2    | Bought a scroll of enchant armour for 82 gold pieces
 59404 | Orc:2    | Bought a scroll of enchant armour for 97 gold pieces
 59661 | Snake:1  | Bought a scroll of enchant armour for 97 gold pieces
 59772 | Shoals:4 | Bought a scroll of enchant weapon for 120 gold pieces
 59772 | Shoals:4 | Bought a scroll of enchant armour for 120 gold pieces
 60046 | Vaults:1 | Identified the +0 helmet "Etely" {Rampage rElec Str+2
                  | Int-4}
 60517 | Depths:1 | Entered Level 1 of the Depths
 60867 | Depths:1 | Found a gateway to Hell.
 61086 | Depths:1 | Found the +3 crown of Dyrovepreva {rElec Int+2 SInv}
 61398 | Depths:2 | Found a broken altar of Ashenzari.
 61398 | Depths:2 | Noticed Asterion
 61419 | Depths:1 | Killed Asterion
 61536 | Depths:2 | Received a gift from Trog
 61692 | Depths:2 | Identified the +5 rapier of Xesies {vamp, Int+4 Stlth+}
 61705 | Depths:2 | Noticed a juggernaut
 61862 | Depths:1 | Killed a juggernaut
 61863 | Depths:1 | Reached XP level 22. HP: 176/209 MP: 21/21
 61999 | Depths:2 | You are sucked into a shaft and drop 2 floors!
 62391 | Depths:2 | Noticed a golden dragon
 62393 | Depths:2 | a golden dragon changed into an iron dragon
 62395 | Depths:2 | Noticed a shard shrike
 62395 | Depths:2 | an iron dragon changed into a shard shrike
 62396 | Depths:2 | a shard shrike changed into a titan
 62400 | Depths:2 | Noticed a juggernaut
 62400 | Depths:2 | a titan changed into a juggernaut
 62403 | Depths:2 | Killed a juggernaut
 62406 | Depths:2 | Paralysed by a sphinx for 3 turns
 62541 | Depths:2 | Received a gift from Trog
 62918 | Depths:2 | HP: 3/209 [hellephant/blast of flame (47)]
 63311 | Depths:3 | Found an opulent altar of Gozag.
 63313 | Depths:3 | Found a one-way gate leading to the halls of Pandemonium.
 63333 | Depths:3 | Received a gift from Trog
 63434 | Depths:3 | Found a sparkling altar of Nemelex Xobeh.
 63897 | Depths:3 | Identified the +8 chain mail "Juwyid" {*Corrode +Inv rElec}
 64024 | Depths:3 | Reached XP level 23. HP: 215/215 MP: 22/22
 64029 | Depths:3 | Identified the +9 long sword of Defiance {antimagic, rF++}
 64044 | Depths:3 | Demolished by a quicksilver dragon simulacrum

Illustrated notes

Levels and vault maps discovered:
D:1:      enne_arrival_octagon_isle, layout_basic, serial_shops,
          nicolae_shop_temple_entry_statues_fountains, serial_curves,
          eino_curves_03, eino_curves_02, eino_curves_04,
          ebering_ecumenical_altar_abandoned, corexii_corridor_pit,
          minmay_pentomino_o4
D:2:      layout_basic, serial_curves, eino_curves_04, eino_curves_04,
          chequers_serial_rivers_large_b, minmay_split_cup_small
D:3:      layout_basic, serial_glass, glass_columns_a, glass_columns_a,
          uniq_terence, uniq_crazy_yiuf_cottage
D:4:      minmay_diamond_boxcup, layout_basic, nicolae_qazlal_style_of_elements,
          minmay_distorted, uniq_menkaure, uniq_pikel
D:5:      layout_loops_ring, uniq_prince_ribbit1
D:6:      layout_loops_corners, brannock_xom_greatest_gift,
          nicolae_gozag_seed_capital, nicolae_ru_the_path_less_chosen,
          overflow_temple_1_default, minmay_temple_entry_poolview,
          gup_ossuary_entry_pyramid, serial_bayou_lagoon_b
D:7:      layout_loops_cross
D:8:      layout_gridville, kennysheep_slug_shrine, lemuel_doored_altar
D:9:      layout_basic, lemuel_crystal_altar, erik_lair_orcish_takeover,
          glass_columns_b, uniq_erolcha
D:10:     layout_loops_ring, nicolae_uskayaw_suspiria,
          nicolae_trove_entry_free_sample, gammafunk_ghost_grave
D:11:     layout_layer_cave, serial_shops, bzr_entry_water, roderic_lattice_a,
          kennysheep_generic_room_12
D:12:     layout_rooms, hiddenorc1_lemuel, serial_shops, kennysheep_mini_moat,
          dk_noncrumbling_3
D:13:     layout_cave_pools, uniq_azrael, uniq_sonja
D:14:     layout_basic, david_vaults_4, lemuel_round_altar
D:15:     gammafunk_depths_entry_grave, layout_loops_ring,
          kiku_gazebo_garden_becter, minmay_joined_circles, uniq_rupert,
          uniq_louise, uniq_agnes, uniq_jorgrun
Lair:1:   layout_chaotic_city, gammafunk_ghost_berserking_beasts,
          infiniplex_staircase_pool, uniq_harold
Lair:2:   layout_layer_cave, grunt_forest_small_clearing_treed,
          serial_bayou_shore_a
Lair:3:   beast_lair_carwin_large_4, layout_loops_ring,
          grunt_forest_large_clearings
Lair:4:   regret_index_wax_grids, layout_gridlike, elwin_shoals_entry_stream,
          minmay_snake_entry_guardpost_small, portal_ice_cave_rime,
          fungi_pond_lemuel, kennysheep_catoblepas_arena
Lair:5:   layout_cave_pods, gammafunk_ghost_abyssal_escape
Lair:6:   guppyfry_lair_end_dragon, layout_layer_cave,
          hangedman_lair_tendril_chambers, slime_altar_1,
          chequers_serial_rivers_small_3
Shoals:1: layout_shoals, abandoned_shop,
          nicolae_shoals_nymph_descending_staircase, uniq_frances
Shoals:2: layout_shoals, uniq_polyphemus
Shoals:3: layout_shoals, nicolae_shoals_this_corrosion
Shoals:4: shoals_end_grunt_garden, layout_shoals, serial_shops,
          nicolae_shop_crystal
Snake:1:  layout_layer_cave, nicolae_snake_serpentine_bazaar, minmay_shoptagon
Snake:2:  layout_layer_cave, serial_shops, nicolae_stop_n_shop_1,
          grunt_ministairs_8, st_stairs_3, nicolae_snake_shapes,
          grunt_megastairs_2
Snake:3:  layout_onion_interference, nicolae_snake_salamander_fort,
          uniq_roxanne, uniq_vashnia, uniq_saint_roka
Snake:4:  grunt_snake_rune_serpentine_throne, layout_cave_town, st_stairs_5,
          uniq_aizul
Orc:1:    nicolae_orc_accident_2, layout_caves, nicolae_orc_crystal_geode
Orc:2:    st_orc_ogre_mass, layout_caves, gammafunk_ghost_smash, uniq_nessos,
          uniq_urug
Vaults:1: hangedman_vaults_slither, nicolae_vaults_theta,
          nicolae_vaults_circle_grid_a, v_misc_22, st_spiral_rooms,
          nicolae_vaults_theta, vaults_room_pools, vaults_mumra_minichess,
          nicolae_vaults_three_branches, nicolae_vaults_angled_halls,
          vaults_room_door_hall, layout_vaults_omnicross
Vaults:2: vaults_room_fours, ontoclasm_vaults_ring_square, v_misc_33,
          vaults_room_hallway, vaults_dpeg_cross, nicolae_vaults_what_the_h,
          nicolae_vaults_ring_of_whatevers, vaults_room_stairs_pillars,
          v_misc_13, vaults_room_corners, layout_vaults_omnigrid
Vaults:3: grunt_vaults_twisty, minmay_crypt_entry_simple_walls,
          nicolae_vaults_network_barrier, v_misc_8,
          nicolae_vaults_sealed_display, nicolae_vaults_ring_of_whatevers,
          v_pattern_4, v_alt_pattern_5, v_misc_26,
          hangedman_vaults_corner_blocks, layout_vaults_maze_snakey,
          serial_shops, nicolae_shop_crystal, uniq_donald, uniq_margery,
          uniq_mara
Vaults:4: hangedman_vaults_cutoff, grunt_vaults_bifocal, serial_ice_g,
          hangedman_vaults_corner, ontoclasm_vaults_idyll, v_misc_22,
          nicolae_vaults_windows_and_doors_thing, ontoclasm_vaults_eye,
          vaults_room_stairs_pillars, v_misc_27, nicolae_vaults_statue_guard,
          layout_vaults_ring, serial_shops, nicolae_shop_statue_plus,
          mu_enter_wizlab_1
Depths:1: layout_twisted_cross, pf_coc_iceberg, marbit_kobold_abyss_entry,
          chequers_serial_rivers_room_b, minmay_guarded_unrand_dyrovepreva
Depths:2: minmay_the_grid_square_5x5_5x5_mashed
          [minmay_the_grid_square_5x5_tetrominoes,
          minmay_the_grid_square_5x5_minibox,
          minmay_the_grid_square_5x5_checkered_statues,
          minmay_the_grid_square_5x5_almost_minimal,
          minmay_the_grid_square_5x5_two_small, minmay_the_grid_square_5x5_z,
          minmay_the_grid_square_5x5_prize_deathbox,
          minmay_the_grid_square_5x5_plus,
          minmay_the_grid_square_5x5_prize_open,
          minmay_the_grid_square_5x5_checkered_sparse,
          minmay_the_grid_square_5x5_shrine2,
          minmay_the_grid_square_5x5_eight_small,
          minmay_the_grid_square_5x5_prize_snowflake,
          minmay_the_grid_square_5x5_percent,
          minmay_the_grid_square_5x5_six_small,
          minmay_the_grid_square_5x5_half_checkered,
          minmay_the_grid_square_5x5_prize_rear_guard,
          minmay_the_grid_square_5x5_n, minmay_the_grid_square_5x5_prize_itemx,
          minmay_the_grid_square_5x5_one_wall,
          minmay_the_grid_square_5x5_spiral_small,
          minmay_the_grid_square_5x5_corner, minmay_the_grid_square_5x5_fat_x,
          minmay_the_grid_square_5x5_beaten_path,
          minmay_the_grid_square_5x5_inner_i], layout_cave_shapes,
          grunt_hell_horde, serial_bayou_lagoon_a, ashenzari_altar_1,
          minmay_staircase_bubble, uniq_asterion
Depths:3: grunt_profane_halls [grunt_profane_temple_geh,
          grunt_profane_temple_coc, grunt_profane_temple_dis,
          grunt_profane_temple_tar, grunt_profane_loot], abyss_entry, pan_entry,
          hell_entry
Depths:4: wad_lake_hut, layout_gridlike, enter_ziggurat_e, abyss_entry,
          rand_demon_pan_entry_3, hangedman_geh_valley, corexii_hall_statues_x

Skill      XL: |  1  2  3  4  5  6  7  8  9 10 11 12 13 14 15 16 17 18 19 20 21 22 |
---------------+-------------------------------------------------------------------+-----
Fighting       | 4 5 6 7 9 10 12 14 15 17 19 20 | 20.0
Axes           | 4 5 6 7 9 10 12 14 15 17 19 20 | 20.0
Armour         | 7 12 13 14 19 23 | 23.6
Dodging        | 7 11 15 18 21 24 | 24.0
Shields        | 8 15 | 15.0

Action                   |  1- 3 |  4- 6 |  7- 9 | 10-12 | 13-15 | 16-18 | 19-21 | 22-24 || total
-------------------------+-------+-------+-------+-------+-------+-------+-------+-------++-------
Melee: Hand axe          |    42 |   135 |   286 |       |       |       |       |       ||   463
       Headbutt          |     4 |    14 |    73 |    82 |   230 |   413 |   462 |   146 ||  1424
       Broad axe         |       |       |    51 |    55 |       |   541 |   457 |       ||  1104
       Battleaxe         |       |       |       |   332 |   431 |       |       |       ||   763
       Executioner's axe |       |       |       |       |   340 |   616 |   824 |   393 ||  2173
Throw: Throwing net      |       |       |       |       |       |     1 |     2 |       ||     3
Invok: Berserk           |     1 |     7 |     5 |    14 |    13 |    12 |    14 |     2 ||    68
       Trog's Hand       |       |     1 |     1 |     7 |     8 |     8 |    10 |     4 ||    39
       Brothers in Arms  |       |       |       |     1 |       |     1 |       |       ||     2
Evoke: Wand              |       |       |     2 |     5 |     2 |     4 |     1 |       ||    14
  Use: Scroll            |       |       |       |    22 |    11 |    17 |    23 |     5 ||    78
       Potion            |       |       |       |       |       |     1 |     7 |     2 ||    10
 Stab: Paralysed         |       |       |       |       |     3 |     3 |       |       ||     6
       Petrified         |       |       |       |       |     5 |     3 |     6 |       ||    14
       Petrifying        |       |       |       |       |     1 |     1 |       |       ||     2
       Distracted        |       |       |       |       |       |     1 |     3 |     3 ||     7
       Held in net/web   |       |       |       |       |       |       |     4 |       ||     4
       Sleeping          |       |       |       |       |       |       |     2 |     2 ||     4
Armor: Animal skin       |    10 |       |       |       |       |       |       |       ||    10
       Ring mail         |     3 |    25 |       |       |       |       |       |       ||    28
       Chain mail        |       |    32 |   142 |    19 |       |       |       |       ||   193
       Plate armour      |       |       |       |   266 |   423 |    13 |       |       ||   702
       Scale mail        |       |       |       |       |       |   278 |   154 |       ||   432
       Shadow dragon sca |       |       |       |       |       |       |   201 |   285 ||   486
Dodge: Dodged            |    34 |    67 |   100 |   183 |   499 |  1061 |  1262 |   433 ||  3639
Block: Kite shield       |       |       |       |       |       |   387 |   377 |       ||   764

Table legend: (Time is in decaauts)
 A = Elapsed time spent in this place.
 B = Non-inter-level travel time spent in this place.
 C = Inter-level travel time spent in this place.
 D = Time resting spent in this place.
 E = Time spent auto-exploring this place.
 F = Levels seen in this place.
 G = Mean time per level.
                   A        B        C        D        E       F      G
               +--------+--------+--------+--------+--------+-----+--------+
         Total |  64349 |  60067 |   4282 |  20909 |  26860 |  45 | 1430.0 |
       Dungeon |  19370 |  17652 |   1718 |   4943 |  10107 |  15 | 1291.3 |
          Lair |  11208 |  10189 |   1019 |   3547 |   4914 |   6 | 1868.0 |
        Shoals |   6123 |   5888 |    235 |   2042 |   2775 |   4 | 1530.8 |
     Snake Pit |  11621 |  11295 |    326 |   6148 |   3039 |   4 | 2905.2 |
  Orcish Mines |   3013 |   2795 |    218 |   1019 |    912 |   2 | 1506.5 |
        Vaults |   7030 |   6357 |    673 |   1524 |   3395 |   4 | 1757.5 |
        Depths |   3552 |   3461 |     91 |    727 |   1344 |   4 |  888.0 |
         Abyss |    652 |    652 |      0 |    330 |     61 |   2 |  326.0 |
        Bazaar |    370 |    370 |      0 |    129 |     67 |   1 |  370.0 |
       Ossuary |    309 |    309 |      0 |      5 |    177 |   1 |  309.0 |
      Ice Cave |    519 |    519 |      0 |    404 |      0 |   1 |  519.0 |
        Wizlab |    577 |    577 |      0 |     88 |     69 |   1 |  577.0 |
               +--------+--------+--------+--------+--------+-----+--------+

Top non-repeatable levels by time:
 Snake:2: 3565 daAuts
  Lair:6: 3174 daAuts
 Snake:1: 3025 daAuts
 Snake:4: 2913 daAuts
  Lair:3: 2340 daAuts
     D:6: 2178 daAuts
 Snake:3: 2117 daAuts
Shoals:3: 2030 daAuts
  Lair:4: 2028 daAuts
Vaults:1: 1965 daAuts
Vaults:3: 1835 daAuts
Vaults:2: 1832 daAuts
    D:11: 1789 daAuts
   Orc:1: 1715 daAuts
    D:14: 1666 daAuts
